[Event "Champions Showdown Kings Rapid 2019-E"]
[Site "Saint Louis"]
[Date "2019.02.21"]
[Round "5.5"]
[White "Rapport, Richard"]
[Black "Shankland, Samuel"]
[Result "1/2-1/2"]
[ECO "A46"]
[WhiteElo "2735"]
[BlackElo "2731"]
[Annotator "ChessBase"]
[PlyCount "146"]
[EventDate "2019.02.09"]
[EventType "match (rapid)"]
[EventCountry "USA"]
[SourceTitle "playchess.com"]
[Source "ChessBase"]
[SourceQuality "1"]
[TimeControl "900+10"]

1. d4 Nf6 2. Nf3 d5 3. c3 e6 4. Bg5 Be7 5. e3 h6 6. Bf4 Nbd7 7. Nbd2 c5 8. h3 b6 9. Bd3 Bb7 10. Qb1 Qc8 11. O-O Ba6 12. a4 O-O 13. Bxa6 Qxa6 14. b4 cxb4 15. cxb4 Rfc8 16. b5 Qb7 17. Qb3 a5 18. Rac1 Bb4 19. Qb2 Ne4 20. Nxe4 dxe4 21. Ne5 Nxe5 22. Bxe5 f6 23. Bg3 Kf7 24. Qe2 g6 25. Qa2 Ke7 26. Bf4 g5 27. Bg3 Bd6 28. Bxd6+ Kxd6 29. d5 exd5 30. Rcd1 Rc5 31. f3 exf3 32. Rxf3 Qe7 33. e4 Rd8 34. Qf2 Qxe4 35. Rxf6+ Kc7 36. Re1 Qc2 37. Rf7+ Kc8 38. Qf6 Rc7 39. Rxc7+ Qxc7 40. Re6 Qc1+ 41. Kf2 Qc5+ 42. Kg3 Qc7+ 43. Kg4 Kb7 44. Rc6 Qf4+ 45. Qxf4 gxf4 46. Rxh6 d4 47. Rh7+ Kc8 48. Re7 d3 49. Re1 d2 50. Rd1 Rd4 51. h4 Kd7 52. Kf5 Ke7 53. h5 Kf7 54. h6 Kg8 55. Ke5 Rxa4 56. Rxd2 Rb4 57. Rd5 Kh7 58. Rd7+ Kxh6 59. Rd6+ Kg5 60. Rxb6 a4 61. Rb8 a3 62. Rg8+ Kh4 63. Ra8 Kg3 64. b6 Kxg2 65. b7 f3 66. Rg8+ Kh3 67. Rh8+ Kg3 68. Rg8+ Kh2 69. Rh8+ Kg2 70. Rg8+ Kh3 71. Rh8+ Kg3 72. Rg8+ Kh4 73. Rh8+ Kg3 1/2-1/2

[Event "Champions Showdown Kings Rapid 2019-E"]
[Site "Saint Louis"]
[Date "2019.02.21"]
[Round "6.5"]
[White "Shankland, Samuel"]
[Black "Rapport, Richard"]
[Result "1/2-1/2"]
[ECO "B03"]
[WhiteElo "2731"]
[BlackElo "2735"]
[Annotator "ChessBase"]
[PlyCount "89"]
[EventDate "2019.02.09"]
[EventType "match (rapid)"]
[EventCountry "USA"]
[SourceTitle "playchess.com"]
[Source "ChessBase"]
[SourceQuality "1"]
[TimeControl "900+10"]

1. e4 Nf6 2. e5 Nd5 3. d4 d6 4. exd6 exd6 5. c4 Nf6 6. Nf3 Be7 7. Nc3 O-O 8. d5 Bg4 9. Be2 Nfd7 10. O-O Na6 11. Be3 Re8 12. Qd2 Bf6 13. Rae1 Nac5 14. b3 a5 15. Nd4 Bxe2 16. Rxe2 Ne5 17. Ndb5 Ned7 18. Rfe1 Ne4 19. Nxe4 Rxe4 20. f3 Re8 21. Bf2 Rxe2 22. Qxe2 Ne5 23. f4 Ng6 24. g3 c6 25. dxc6 bxc6 26. Nd4 Qd7 27. Qd3 Ne7 28. Nf3 d5 29. Bc5 h6 30. Kg2 Qf5 31. Qxf5 Nxf5 32. cxd5 cxd5 33. Rd1 d4 34. Rd2 Rd8 35. g4 Ne3+ 36. Kh3 Nd5 37. Bxd4 Nxf4+ 38. Kg3 Ne2+ 39. Rxe2 Bxd4 40. Nxd4 Rxd4 41. Re8+ Kh7 42. Ra8 Rd5 43. Kf4 h5 44. h3 f6 45. Ra7 1/2-1/2